 Dungeon Crawl Stone Soup version 0.29.1-1-gd02db69 (webtiles) character file.

Game seed: 3678333891986720358

1145 jagoly the Changer (level 8, -2/52 HPs)
             Began as an Octopode Transmuter on Oct 1, 2022.
             Was an Initiate of Gozag.
             Slain by a boulder beetle (54 damage)
             ... on level 6 of the Dungeon.
             The game lasted 00:21:48 (5603 turns).

jagoly the Changer (Octopode Transmuter)            Turns: 5603, Time: 00:22:05

Health: -2/52      AC:  2    Str:  9    XL:     8   Next: 37%
Magic:  0/12       EV: 19    Int: 23    God:    Gozag
Gold:   500        SH:  0    Dex: 18    Spells: 3/13 levels left

rFire   + . .      SeeInvis .     - Unarmed
rCold   x . .      Faith    .   (shield currently unavailable)
rNeg    . . .      Spirit   +   (helmet currently unavailable)
rPois   x          Reflect  .   s - amulet of guardian spirit
rElec   .          Harm     .   d - +6 ring of intelligence
rCorr   .          Rampage  .   t - ring of flight
Will    .....                   i - ring of fire
Stlth   ++........              (no ring)
HPRegen 0.17/turn               (no ring)
MPRegen 0.13/turn               (no ring)
                                (no ring)
                                (no ring)

@: spider-form, flying
A: venomous fangs, almost no armour, (amphibious), 8 rings, tiny, (camouflage
1), (gelatinous body 1), (nimble swimmer 1), (tentacles)
a: End Transformation, Renounce Religion, Potion Petition, Call Merchant, Bribe
Branch


You were on level 6 of the Dungeon.
You worshipped Gozag.
Gozag was pleased with you.
You were a venomous arachnid creature.
You visited 2 branches of the dungeon, and saw 7 of its levels.

You collected 546 gold pieces.
You paid 46 gold pieces to Gozag.

Inventory:

Hand Weapons
 n - the +3 hand axe "Gideh" {freeze, rF++ Will- Str+4}
   (You found it on level 2 of the Dungeon)

   It freezes those it strikes, dealing additional cold damage.
   It can also slow down cold-blooded creatures.
   Str:       It affects your strength (+4).
   rF:        It greatly protects you from fire.
   Will:      It decreases your willpower.
 x - a +0 sling
Missiles
 b - 39 stones
 e - 3 javelins
 l - 4 silver javelins
 q - 4 poisoned darts
Jewellery
 d - a +6 ring of intelligence (left front leg)
 i - a ring of fire (on tentacle)
 s - an amulet of guardian spirit (around neck)
 t - a ring of flight (right front leg)
Scrolls
 c - 2 scrolls of teleportation
 g - 4 scrolls of magic mapping
 j - a scroll of amnesia {unknown}
 k - 3 scrolls of vulnerability
 o - a scroll of immolation {unknown}
 p - 2 scrolls of fog
 u - a scroll of noise {unknown}
 v - 2 scrolls of enchant armour
 y - a scroll of torment {unknown}
 A - a scroll of silence {unknown}
Potions
 a - a potion of lignification
 h - a potion of flight {unknown}
 m - 7 potions of curing
 r - 2 potions of brilliance {unknown}
 w - 2 potions of heal wounds {unknown}
 z - a potion of cancellation {unknown}


   Skills:
 + Level 3.1 Fighting
 - Level 2.0 Dodging
 - Level 2.0 Stealth
 + Level 3.1 Unarmed Combat
 - Level 3.0 Spellcasting
 - Level 6.0 Transmutations
 - Level 6.0 Ice Magic
 - Level 2.0 Poison Magic


You had 3 spell levels left.
You knew the following spells:

 Your Spells              Type           Power      Damage    Failure   Level
A - Beastly Appendage     Tmut           62%        N/A       5%          1
O - Ice Form              Ice/Tmut       31%        N/A       24%         4
P - Spider Form           Tmut/Pois      21%        N/A       19%         3
W - Wereblood             Tmut           31%        N/A       7%          2

Your spell library contained the following spells:

 Spells                   Type           Power      Damage    Failure   Level
 Frozen Ramparts          Ice            62%        1d10      11%         3
 Foxfire                  Conj/Fire      20%        2x1d5     28%         1
 Slow                     Hex            12%        N/A       28%         1
 Mephitic Cloud           Conj/Pois/Air  6%         N/A       47%         3
 Confusing Touch          Hex            3%         N/A       56%         3
 Conjure Flame            Conj/Fire      5%         6-21      56%         3
 Inner Flame              Hex/Fire       5%         N/A       56%         3
 Vampiric Draining        Necr           3%         2d6       56%         3
 Summon Ice Beast         Ice/Summ       17%        N/A       54%         4
 Flame Wave               Conj/Fire      5%         2d5       89%         4
 Maxwell's Capacitive Co  Air            1%         ∞         100%        8


Dungeon Overview and Level Annotations

Branches:
Dungeon (6/15) Zot: 26794  Temple (1/1) D:4 Zot: 5991

Altars:
Ashenzari
Elyvilon
Fedhas
Gozag
Hepliaklqana
Makhleb
Okawaru
Qazlal
Ru
Sif Muna
Uskayaw
Wu Jian
Yredelemnul
The Shining One

Shops:
D:1 [

Annotations:
D:4 exclusion: downstairs
D:5 Pikel


Innate Abilities, Weirdness & Mutations

You are a venomous arachnid creature.
You have poisonous fangs.
You are tiny and dextrous.
Your spellcasting is less reliable in this form.
Your armour is entirely melded.
You are incapable of wielding weapons or throwing items.
You cannot wear most types of armour.
((You are amphibious.))
You can wear up to eight rings at the same time.
((Your skin changes colour to match your surroundings (Stealth+).))
((Your rubbery body absorbs attacks. (AC +1, EV +1)))
((You are camouflaged when in or above water. (Stealth+)))
((You have tentacles for arms and can constrict up to eight enemies at once.))


Message History

A boulder beetle comes into view.
You see here 6 gold pieces.
Press: ? - help, v - describe, . - travel, g - get item Item here: 6 gold pieces.
The floor.
Press: ? - help, v - describe, . - travel
Here: a boulder beetle The floor.
Unknown command.
Unknown command.
You warm up again.
Throw: 6 darts (poison)
Press: ? - help, Shift-Dir - straight line, f - boulder beetle
Aim: a boulder beetle (89% to hit)
You throw a poisoned dart.
The poisoned dart hits the boulder beetle.
The boulder beetle is poisoned.
The boulder beetle leaps!
You now have 500 gold pieces (gained 6).
Found 5 gold pieces.
The boulder beetle curls into a ball and begins rolling!
Unknown command.
Throw: 5 darts (poison)
Press: ? - help, Shift-Dir - straight line, f/p - boulder beetle
Aim: a boulder beetle (lightly wounded, rolling, poisoned, 89% to hit)
You throw a poisoned dart.
The poisoned dart hits the boulder beetle.
The boulder beetle is lightly wounded.
The boulder beetle looks more healthy.
There is an open door here.
Press: ? - help, v - describe, . - travel
Here: a boulder beetle (lightly wounded, rolling)
An open door.
Cast which spell? (? or * to list)
You turn into a venomous arachnid creature.
The boulder beetle hits you!!!
* * * LOW MAGIC WARNING * * *
Ouch! That really hurt!
You die...
Your body crumbles into a pile of gold.

####+#########.
#.............$
#..............
#....°.°°..(...
####B#○...(...°
######s#.........
#......#........#
#......#.########
#......#.#
######.#.# #.#..
#####.#######
#............
########.##.#).####


You could see a boulder beetle (rolling).

Vanquished Creatures
  Menkaure (D:5)
  A black bear (D:5)
  2 ice beasts (D:5)
  An ogre (D:5)
  A lemure (D:5)
  A phantom (D:4)
  Blork the orc (D:4)
  A necrophage (D:6)
  2 scorpions
  2 hounds (D:4)
  An orc priest (D:2)
  2 orc wizards
  Robin (D:2)
  7 adders
  A white imp (D:6)
  2 ufetubi (D:5)
  2 worms
  2 dart slugs (D:3)
  10 orcs
  8 endoplasms
  2 giant cockroaches
  18 goblins
  7 hobgoblins
  16 jackals
  3 quokkas
  4 ball pythons
  3 bats
  2 frilled lizards (D:1)
  6 kobolds
  4 rats
114 creatures vanquished.

Vanquished Creatures (others)
  4 fungi (D:6)
4 creatures vanquished.

Grand Total: 118 creatures vanquished

Notes
Turn   | Place    | Note
-------+----------+-------------------------------------------
     0 | D:1      | jagoly the Octopode Transmuter began the quest for the Orb.
     0 | D:1      | Reached XP level 1. HP: 13/13 MP: 3/3
    64 | D:1      | Reached skill level 1 in Poison Magic
    75 | D:1      | Reached XP level 2. HP: 16/18 MP: 3/5
   327 | D:1      | Learned a level 2 spell: Wereblood
   331 | D:1      | Found Bili Ziw's Antique Armour Shop.
   638 | D:1      | Reached XP level 3. HP: 19/23 MP: 6/6
   719 | D:1      | Learned a level 3 spell: Spider Form
   940 | D:2      | Noticed Robin
   954 | D:2      | Killed Robin
  1122 | D:2      | Found a stormy altar of Qazlal.
  1172 | D:2      | Reached skill level 1 in Ice Magic
  1172 | D:2      | Reached XP level 4. HP: 28/28 MP: 5/7
  1405 | D:2      | Got the Textbook on the Sky and Transmigration
  1456 | D:2      | Identified the +3 hand axe "Gideh" {freeze, rF++ Will-
                  | Str+4}
  1645 | D:2      | Reached XP level 5. HP: 23/33 MP: 0/9
  1840 | D:2      | Found a faded altar of an unknown god.
  3003 | D:4      | Learned a level 4 spell: Ice Form
  3050 | D:4      | Found a staircase to the Ecumenical Temple.
  3060 | Temple   | Entered the Ecumenical Temple
  3064 | Temple   | Became a worshipper of Gozag Ym Sagoz the Greedy
  3138 | D:4      | Found a basalt altar of Yredelemnul.
  3154 | D:4      | Reached XP level 6. HP: 34/38 MP: 6/10
  3154 | D:4      | Noticed a profane servitor
  3162 | D:4      | Found a glowing golden altar of the Shining One.
  3181 | D:4      | Noticed an angel
  3619 | D:4      | Noticed Blork the orc
  3632 | D:4      | Killed Blork the orc
  3633 | D:4      | Reached skill level 5 in Transmutations
  3633 | D:4      | Reached XP level 7. HP: 22/43 MP: 4/11
  3809 | D:4      | Found a sacrificial altar of Ru.
  4186 | D:5      | Entered Level 5 of the Dungeon
  4565 | D:5      | Reached skill level 5 in Ice Magic
  4644 | D:5      | Noticed Pikel
  4938 | D:5      | Found an iron altar of Okawaru.
  4978 | D:5      | Noticed a two-headed ogre
  5143 | D:5      | Reached XP level 8. HP: 48/48 MP: 7/12
  5244 | D:5      | Reached skill level 1 in Stealth
  5270 | D:5      | Noticed Menkaure
  5279 | D:5      | Killed Menkaure
  5507 | D:6      | Found a broken altar of Ashenzari.
  5593 | D:6      | Noticed a boulder beetle
  5603 | D:6      | Slain by a boulder beetle

Illustrated notes

Levels and vault maps discovered:
D:1:      nzn_arrival_settlement, layout_basic, serial_shops,
          nicolae_shop_advertising_works [nicolae_subvault_shop_adworks],
          serial_bayou_pond_b
D:2:      kennysheep_the_goblin_king, layout_loops_corners, basic_altar,
          ebering_ecumenical_altar_rust, uniq_robin
D:3:      layout_basic
D:4:      layout_rooms, grunt_temple_overflow_holy_war,
          mainiacjoe_overflow_surrounded_room, minmay_temple_entry_mist,
          uniq_blork_the_orc
D:5:      layout_cave_pods, mainiacjoe_overflow_concentric_impassable,
          nicolae_figureground_sparkle, uniq_pikel, uniq_menkaure
D:6:      layout_basic, kennysheep_mini_moat, minmay_gold_behind_fungi,
          corexii_corridor_pit
Temple:   nicolae_temple_x_marks_the_god

Skill      XL: |  1  2  3  4  5  6  7  8 |
---------------+-------------------------+-----
Poison Magic   | 1 2 |  2.0
Transmutations | 3 4 5 6 |  6.0
Ice Magic      | 1 2 4 5 6 |  6.0
Spellcasting   | 3 |  3.0
Stealth        | 2 |  2.0
Fighting       | 3 |  3.1
Dodging        | |  2.0
Unarmed Combat | |  3.1

Action                   |  1- 3 |  4- 6 |  7- 9 || total
-------------------------+-------+-------+-------++-------
Melee: Unarmed           |    60 |   166 |   101 ||   327
       Kick              |    17 |    21 |     6 ||    44
       Tentacles         |     9 |    20 |     5 ||    34
       Constrict         |    16 |    16 |     4 ||    36
       Punch             |     2 |     2 |     1 ||     5
Throw: Dart              |       |       |     4 ||     4
 Cast: Beastly Appendage |    15 |    18 |     4 ||    37
       Spider Form       |     1 |    11 |     8 ||    20
       Wereblood         |     1 |     2 |     1 ||     4
       Ice Form          |       |     2 |     7 ||     9
 Abil: End Transformatio |       |       |     2 ||     2
  Use: Scroll            |       |     4 |     2 ||     6
 Stab: Sleeping          |     2 |     5 |     1 ||     8
Armor: Skin              |     2 |    12 |    17 ||    31
Dodge: Dodged            |    36 |    93 |    74 ||   203
